 Dungeon Crawl Stone Soup version 0.31-a0-978-g1e143483b6 (webtiles) character file.

Game seed: 11322204553759892052

196 omnomnOMINOUS the Chopper (level 5, -2/36 HPs)
             Began as an Octopode Wanderer on Oct 30, 2023.
             Was a Believer of Wu Jian.
             Slain by an orc
             ... wielding a +0 whip
              (5 damage)
             ... on level 4 of the Dungeon.
             The game lasted 00:04:52 (1870 turns).

omnomnOMINOUS the Chopper (Octopode Wanderer)       Turns: 1870, Time: 00:04:53

Health: -2/36      AC:  1    Str: 10    XL:     5   Next: 74%
Magic:  8/8        EV: 13    Int: 17    God:    Wu Jian [**....]
Gold:   214        SH:  3    Dex: 12    Spells: 7/9 levels left

rFire   . . .        a - +2 hand axe
rCold   . . .        s - +0 buckler
rNeg    . . .        (helmet restricted)
rPois   .            (no amulet)
rElec   .            j - +4 ring of slaying
rCorr   .            (no ring)
SInv    .            (no ring)
Will    .....        (no ring)
Stlth   ++           (no ring)
HPRegen 0.26/turn    (no ring)
MPRegen 0.11/turn    (no ring)
                     (no ring)

%: no passive effects
@: no status effects
A: almost no armour, amphibious, 8 rings, camouflage 1, gelatinous body 1,
(nimble swimmer 1), tentacles
a: Renounce Religion, Wall Jump


You were on level 4 of the Dungeon.
You worshipped Wu Jian.
Wu Jian was pleased with you.
You visited 1 branch of the dungeon, and saw 4 of its levels.

You collected 302 gold pieces.
You spent 88 gold pieces at shops.

Inventory:

Hand Weapons
 a - a +2 hand axe (weapon)
 b - a +2 dagger of venom
Missiles
 g - 17 poisoned darts (quivered)
Armour
 s - a +0 buckler (worn)
Jewellery
 e - an amulet of faith
 j - a +4 ring of slaying (left tentacle)
 q - a ring of flight
 t - a ring of fire
Wands
 n - a wand of quicksilver (10)
 o - a wand of flame (3)
Scrolls
 d - 3 scrolls of fear
 f - 4 scrolls of identify {unknown}
 i - a scroll of immolation {unknown}
 k - a scroll of amnesia {unknown}
 p - a scroll of fog {unknown}
 u - a scroll of revelation {unknown}
Potions
 c - 2 potions of brilliance {unknown}
 h - 2 potions of haste {unknown}
 l - a potion of magic {unknown}
 m - a potion of heal wounds
 r - a potion of enlightenment {unknown}


   Skills:
 + Level 3.2 Fighting
 + Level 4.8 Axes
 - Level 1.0 Throwing
 + Level 2.7 Dodging
 + Level 0.0 Shields
 + Level 2.5 Spellcasting
 - Level 1.0 Ice Magic


You had 7 spell levels left.
You knew the following spells:

 Your Spells              Type           Power      Damage    Failure   Level
a - Apportation           Tloc           4%         N/A       28%         1
b - Freeze                Ice            20%        1d4       19%         1

Your spell library contained the following spells:

 Spells                   Type           Power      Damage    Failure   Level
 Necrotise                Necr           8%         1d4       28%         1
 Summon Small Mammal      Summ           8%         N/A       28%         1
 Ozocubu's Armour         Ice            5%         N/A       50%         3
 Call Canine Familiar     Summ           2%         N/A       63%         3
 Sigil of Binding         Hex            2%         N/A       63%         3
 Dimensional Bullseye     Hex/Tloc       1%         N/A       95%         4
 Leda's Liquefaction      Hex/Erth       1%         N/A       95%         4


Dungeon Overview and Level Annotations

Branches:
Dungeon (4/15)
 Temple: D:4-7

Altars:
Wu Jian

Shops:
D:2 !

Annotations:
D:4 2 runed translucent doors


Innate Abilities, Weirdness & Mutations

You cannot wear most types of armour.
You are amphibious.
You can wear up to eight rings at the same time.
Your skin changes colour to match your surroundings (Stealth+).
Your rubbery body absorbs attacks. (AC +1, EV +1)
((You are camouflaged when in or above water. (Stealth+)))
You have tentacles for arms and can constrict up to eight enemies at once.


Message History

Found a ring mail.
The orc shouts!
The orc shouts!
You hear a shout! x2
An orc comes into view. It is wielding a +0 whip.
An orc wizard comes into view. It is wielding a +0 dagger.
Found Ozocubu's Autobiography.
You lunge at the orc.
You barely miss the orc. You grab the orc.
You constrict the orc, but do no damage.
You block the orc's attack. The orc hits you with a +0 club.
You hit the orc but do no damage. You hit the orc. You constrict the orc.
The orc hits you with a +0 dagger. The orc barely misses you.
You hit the orc.
You kill the orc!
The Council accepts your kill.
You slash the orc!
You kill the orc!
The Council accepts your kill.
A dart slug comes into view.
You hit the orc wizard. You grab the orc wizard. You squeeze the orc wizard.
The orc wizard is moderately wounded.
You hit the orc but do no damage.
You constrict the orc wizard, but do no damage.
The orc wizard casts a spell at you. You resist with some effort.
The orc hits you with a +0 whip.
You hit the orc wizard.
The orc wizard is severely wounded.
You hit the orc.
You constrict the orc wizard, but do no damage.
The orc wizard points at you and mumbles some strange words.
The puff of flame hits you! The orc closely misses you.
The orc wizard gestures at you while chanting.
You resist with some effort. The orc hits you with a +0 whip.
You hit the orc wizard but do no damage.
The orc wizard is severely wounded.
You hit the orc but do no damage. You constrict the orc wizard.
The orc wizard points at you and mumbles some strange words.
The magic dart hits you!
* * * LOW HITPOINT WARNING * * *
The orc hits you with a +0 whip.
You die...

..:...... .........
.w.<......#.####
#................
##................
#..>.......#....#
#.oo.P.........#
#[@...P..~~P...#
#.......~~~~~..####
#..P..)~≈~~~~P.....
##...P~≈~~~~~P.....
#....~~~≈~≈~~.....
#...~~~~≈~~~~.....
#.P~~.~~~~~≈~..#.#
##.≈~..~~~~♣.P.# #
#......≈≈≈....###


You could see an orc wizard, a dart slug and an orc.

Vanquished Creatures
  A scorpion (D:4)
  Ijyb (D:4)
  4 adders
  A white imp (D:4)
  A worm (D:4)
  A dart slug (D:1)
  3 orcs
  5 ball pythons
  4 endoplasms
  4 giant cockroaches (D:1)
  15 goblins
  4 hobgoblins
  2 jackals (D:3)
  3 quokkas
  5 bats
  A frilled lizard (D:2)
  5 kobolds
  4 rats (D:1)
64 creatures vanquished.

Notes
Turn   | Place    | Note
-------+----------+-------------------------------------------
     0 | D:1      | omnomnOMINOUS the Octopode Wanderer began the quest for the
                  | Orb.
     0 | D:1      | omnomnOMINOUS set off with the following items: a +2 hand
                  | axe, 12 poisoned darts, a +0 dagger, a scroll of fear; and
                  | the following spell memorised: Freeze; and the following
                  | spells available to memorise: Ozocubu's Armour.
     0 | D:1      | Reached XP level 1. HP: 14/14 MP: 2/2
    76 | D:1      | Reached XP level 2. HP: 17/19 MP: 3/3
   251 | D:1      | Found a faded altar of an unknown god.
   259 | D:1      | Prayed at the altar of an unknown god.
   259 | D:1      | Became a worshipper of the Wu Jian Council
   259 | D:1      | Reached * piety under Wu Jian
   334 | D:1      | Reached XP level 3. HP: 25/25 MP: 5/5
   762 | D:2      | Found Vucifop's Distillery.
   776 | D:2      | Bought a potion of heal wounds for 55 gold pieces
   776 | D:2      | Bought a potion of curing for 33 gold pieces
   980 | D:3      | Learned a level 1 spell: Apportation
  1027 | D:3      | Reached ** piety under Wu Jian
  1039 | D:3      | Reached XP level 4. HP: 30/30 MP: 6/6
  1466 | D:4      | Noticed Ijyb
  1477 | D:4      | Killed Ijyb
  1648 | D:4      | Found a runed translucent gate.
  1649 | D:4      | Found a runed translucent gate.
  1666 | D:4      | Noticed a scorpion
  1673 | D:4      | Killed a scorpion
  1674 | D:4      | Reached XP level 5. HP: 34/36 MP: 8/8
  1870 | D:4      | Slain by an orc

Illustrated notes

Levels and vault maps discovered:
D:1:      erik_arrival_blinker_ship, layout_basic,
          shapermc_ecumenical_altar_starsandcircs, st_stairs_8, minmay_vboxes
D:2:      layout_rooms, serial_shops, shop_fountains
D:3:      layout_rooms, minmay_goblin_outpost
D:4:      layout_rooms, gammafunk_ghost_nasty_kobolds, minivault_27,
          guppyfry_early_lair_pool, uniq_ijyb, uniq_crazy_yiuf_cottage

Skill      XL: |  1  2  3  4 |
---------------+-------------+-----
Dodging        | 2 |  2.7
Spellcasting   | 2 |  2.5
Fighting       | 3 |  3.2
Axes           | |  4.8
Throwing       | |  1.0
Ice Magic      | |  1.0

Action                     |  1- 3 |  4- 6 || total
---------------------------+-------+-------++-------
  Melee: Hand axe          |    60 |    41 ||   101
         Constrict         |    12 |    13 ||    25
         Tentacles         |    10 |     8 ||    18
         Punch             |       |     1 ||     1
  Throw: Dart              |       |     5 ||     5
Ability: Lunge             |     9 |     8 ||    17
    Use: Potion            |       |     1 ||     1
   Stab: Sleeping          |     8 |     4 ||    12
 Armour: Skin              |    20 |    21 ||    41
  Dodge: Dodged            |    27 |    17 ||    44
  Block: Buckler           |       |     1 ||     1

Table legend: (Time is in decaauts)
 A = Elapsed time spent in this place.
 B = Non-inter-level travel time spent in this place.
 C = Inter-level travel time spent in this place.
 D = Time resting spent in this place.
 E = Time spent auto-exploring this place.
 F = Levels seen in this place.
 G = Mean time per level.
                   A        B        C        D        E       F      G
               +--------+--------+--------+--------+--------+-----+--------+
         Total |   1874 |   1802 |     72 |    195 |   1194 |   4 |  468.5 |
       Dungeon |   1874 |   1802 |     72 |    195 |   1194 |   4 |  468.5 |
               +--------+--------+--------+--------+--------+-----+--------+

Top non-repeatable levels by time:
     D:1: 620 daAuts
     D:3: 490 daAuts
     D:4: 417 daAuts
     D:2: 344 daAuts
